 Dungeon Crawl Stone Soup version 0.26.1-2-gb8aa6d0cf2 (webtiles) character file.

Game seed: 13872839124115032174

42 H0rd4k the Charlatan (level 3, -1/26 HPs)
             Began as a Human Artificer on Mar 17, 2021.
             Killed from afar by Natasha (7 damage)
             ... with a magic dart
             ... on level 3 of the Dungeon.
             The game lasted 00:02:38 (3318 turns).

H0rd4k the Charlatan (Human Artificer)              Turns: 3318, Time: 00:02:39

Health: -1/26      AC:  0    Str: 13    XL:     3   Next: 80%
Magic:  3/3        EV: 11    Int: 11    God:
Gold:   154        SH:  0    Dex: 13    Spells: 2/2 levels left

rFire    . . .     SeeInvis .   h - +1 dagger (speed)
rCold    . . .     Faith    .   (no shield)
rNeg     . . .     Spirit   .   b - +0 leather armour
rPois    .         Reflect  .   (no helmet)
rElec    .         Harm     .   (no cloak)
rCorr    .         Rampage  .   (no gloves)
Will     .....                  (no boots)
Stlth    +.........             (no amulet)
HPRegen  0.08/turn              n - -4 ring of protection (curse)
MPRegen  0.08/turn              (no ring)

@: no status effects
A: no striking features
a: no special abilities


You were on level 3 of the Dungeon.
You visited 1 branch of the dungeon, and saw 3 of its levels.

You collected 154 gold pieces.

Inventory:

Hand Weapons
 a - a +0 club
 f - a +0 dagger
 h - a +1 dagger of speed (weapon)
Missiles
 l - 7 poisoned darts
Armour
 b - a +0 leather armour (worn)
Jewellery
 n - a cursed -4 ring of protection (left hand)
Wands
 c - a wand of flame (4) (quivered)
 d - a wand of enslavement (13)
 e - a wand of random effects (15)
Scrolls
 m - a scroll of identify
Potions
 g - a potion of heal wounds {unknown}
 i - 3 potions of haste {unknown}
 j - 2 potions of curing
 k - 2 potions of mutation


   Skills:
 + Level 1.2 Fighting
 + Level 1.1 Short Blades
 + Level 2.7 Armour
 + Level 1.5 Dodging
 + Level 1.1 Stealth
 + Level 3.3 Evocations


You had 2 spell levels left.
You didn't know any spells.
Your spell library was empty.

Dungeon Overview and Level Annotations

Branches:
Dungeon (3/15)

Altars:
Xom
Zin

Annotations:
D:3 Natasha


Message History

You hit the goblin.
The goblin is moderately wounded.
The goblin hits you.
Natasha stares at you and mumbles some strange words.
The magic dart hits you.
* * * LOW HITPOINT WARNING * * *
Aiming: Enslavement
Press: ? - help, Shift-Dir - straight line, f - goblin
Aim: a goblin (moderately wounded, chance to affect: 72%)
The goblin is charmed.
What are your orders? t - Shout!
Orders for allies: a - Attack new target. p - Attack previous target. r - Retreat! s - Stop attacking. g - Guard the area. f - Follow me.
Anything else - Cancel.
Guard this area!
Your goblin hits Natasha.
Natasha stares at you and mumbles some strange words.
The magic dart hits you!
You die...

###### #....# #$...##
+.....#### #........## ########
#..h..#...#
.......#####..g..#.#.#
.#####.#...#....@._..#
.....#.#...#....##.###
.#.###'#...######..#
##.........######.#############
.............................>#
####....##########.#####..#...#
..##....# #.......# #..#.#.###
#.####### #.......# #..#.....#
#.# #.......#####..##.##.#


You could see Natasha and a friendly goblin (charmed).

Vanquished Creatures
  A worm (D:2)
  2 dart slugs
  A leopard gecko (D:1)
  2 giant cockroaches (D:1)
  3 goblins (D:1)
  4 hobgoblins
  A quokka (D:2)
  7 bats
  3 frilled lizards
  6 kobolds
  7 rats
37 creatures vanquished.

Vanquished Creatures (others)
  A hobgoblin (D:1)
1 creature vanquished.

Grand Total: 38 creatures vanquished

Notes
Turn   | Place    | Note
-------+----------+-------------------------------------------
     0 | D:1      | H0rd4k the Human Artificer began the quest for the Orb.
     0 | D:1      | Reached XP level 1. HP: 15/15 MP: 1/1
   665 | D:1      | Reached XP level 2. HP: 2/21 MP: 2/2
  1706 | D:1      | Reached XP level 3. HP: 20/26 MP: 3/3
  2245 | D:2      | Found a shimmering altar of Xom.
  2248 | D:2      | Reached skill level 1 in Short Blades
  2992 | D:3      | Found a glowing silver altar of Zin.
  3311 | D:3      | Noticed Natasha
  3318 | D:3      | Killed from afar by Natasha

Illustrated notes

Levels and vault maps discovered:
D:1:      giann_wishing_wells, layout_loops_ring, chequers_jeans
D:2:      layout_basic, overflow_temple_1_default, serial_glass,
          glass_columns_b, glass_columns_a
D:3:      layout_basic, lemuel_crystal_altar, uniq_natasha

Skill      XL: |  1  2  3 |
---------------+----------+-----
Short Blades   | 1 |  1.1
Fighting       | |  1.2
Armour         | |  2.7
Dodging        | |  1.5
Stealth        | |  1.1
Evocations     | |  3.3

Action                   || total
-------------------------++-------
Melee: Club              ||    21
       Dagger            ||   190
Evoke: Wand              ||    13
  Use: Scroll            ||     3
       Potion            ||     1
 Stab: Sleeping          ||     3
Armor: Leather armour    ||    74
Dodge: Dodged            ||   133
